 Dungeon Crawl Stone Soup version 0.20.0-8-g6b59dc7 (webtiles) character file.

2081 Chiseanne the Magician (level 9, -3/57 HPs)
             Began as a Demonspawn Wizard on June 2, 2017.
             Was a Believer of Vehumet.
             Slain by a two-headed ogre
             ... wielding a +0 giant club
              (10 damage)
             ... on level 7 of the Dungeon.
             The game lasted 00:19:17 (10095 turns).

Chiseanne the Magician (Demonspawn Wizard)         Turns: 10095, Time: 00:19:18

Health: -3/57      AC: 15    Str:  7    XL:     9   Next: 6%
Magic:  2/19       EV: 11    Int: 23    God:    Vehumet [**....]
Gold:   350        SH: 13    Dex: 12    Spells: 12/21 levels left

rFire    + . .     SeeInvis .   a - +1 hand axe
rCold    . . .     Gourm    .   y - +0 buckler
rNeg     . . .     Faith    .   q - +3 leather armour
rPois    .         Spirit   .   n - +1 helmet
rElec    .         Reflect  .   (no cloak)
rCorr    .         Harm     .   (no gloves)
MR       .....                  B - +0 pair of boots
Stlth    ++........             (no amulet)
Regen    0.2/turn               k - +6 ring of protection
MPRegen  0.2/turn               F - ring of protection from fire

@: no status effects
A: hooves 2, large bone plates 3, powered by death 1, rot immunity
a: Renounce Religion


You were on level 7 of the Dungeon.
You worshipped Vehumet.
Vehumet was pleased with you.
You were not hungry.

You visited 2 branches of the dungeon, and saw 8 of its levels.

You collected 350 gold pieces.

Inventory:

Hand Weapons
 a - a +1 hand axe (weapon)
Missiles
 j - 224 stones (quivered)
 m - 93 arrows
 p - 14 poisoned needles
 G - 6 bolts
Armour
 n - a +1 helmet (worn)
 q - a +3 leather armour (worn)
 y - a +0 buckler (worn)
 B - a +0 pair of boots (worn)
Jewellery
 k - a +6 ring of protection (left hand)
 v - an uncursed ring of protection from magic
 F - a ring of protection from fire (right hand)
Wands
 r - a wand of enslavement (0/24)
 s - a wand of random effects (0/48)
 H - a wand of confusion (21/48)
Scrolls
 c - 3 scrolls of fog
 f - 4 scrolls of teleportation
 x - a scroll of recharging
 C - 3 scrolls of remove curse
Potions
 e - a potion of agility {unknown}
 g - 2 potions of haste {unknown}
 h - 2 potions of curing {unknown}
 i - a potion of flight {unknown}
 l - a potion of magic
 o - 4 potions of lignification {unknown}
 t - 3 potions of might {unknown}
 u - 4 potions of heal wounds {unknown}
 w - a potion of berserk rage {unknown}
 A - a potion of degeneration {unknown}
 D - a potion of brilliance {unknown}
Comestibles
 b - a fruit
 d - 6 bread rations
 z - 4 meat rations
 E - a royal jelly
 I - 2 chunks of flesh


   Skills:
 - Level 1.7 Dodging
 - Level 1.7 Stealth
 - Level 6.3 Shields
 * Level 6.9 Spellcasting
 * Level 6.7 Conjurations
   Level 1.0 Summonings
 - Level 0.8 Translocations


You had 12 spell levels left.
You knew the following spells:

 Your Spells              Type           Power        Failure   Level  Hunger
a - Magic Dart            Conj           ####         1%          1    None
b - Blink                 Tloc           N/A          12%         2    None
c - Conjure Flame         Conj/Fire      ###.....     9%          3    None
d - Mephitic Cloud        Conj/Pois/Air  ###.....     14%         3    None


Dungeon Overview and Level Annotations

Branches:
Dungeon (7/15)             Temple (1/1) D:7

Altars:
Cheibriados
Elyvilon
Fedhas
Gozag
Kikubaaqudgha
Nemelex Xobeh
Qazlal
Sif Muna
Trog
Vehumet
Xom
The Shining One

Annotations:
D:4 exclusion: upstairs


Innate Abilities, Weirdness & Mutations

You have hoof-like feet.
You are completely covered in large bone plates. (SH +8)
You regenerate a little health from kills.
You are immune to rotting.


Message History

You block the two-headed ogre's attack.
Casting: Magic Dart
Confirm with . or Enter, or press ? or * to list all spells.
Aiming: Magic Dart
Press: ? - help, Shift-Dir - straight line, f/p - two-headed ogre
Aim: a two-headed ogre, wielding a giant club and a dire flail (severely wounded)
The magic dart hits the two-headed ogre.
The two-headed ogre is severely wounded.
The two-headed ogre hits you with a giant club!
The two-headed ogre hits you with a dire flail!
* * * LOW HITPOINT WARNING * * *
The orc warrior seems less confused.
Casting: Magic Dart
Confirm with . or Enter, or press ? or * to list all spells.
You blink.
Your magical contamination has completely faded away.
The two-headed ogre hits you with a giant club!
* * * LOW HITPOINT WARNING * * *
The two-headed ogre hits you with a dire flail!
You die...

.######...............#########..
. #..8.>.8......... .........
#................ .........
#..#.8.#......... .........
#.........######. .........
#######.........# #+######.
#........†......+ #...#.
#...............####### #...'.
#...........(..[@O....# #...#.
#......#+###'###......#######'##.
####+###..#....'.................
#...#.)..#................. #
##..##(.)#................. #..##
#..##...#.................
#.....##.......#.o....#####+#....
...............(......# #....
.#....##'#######[.....# +....


You could see a two-headed ogre and an orc warrior.

Vanquished Creatures
  Sigmund (D:3)
  A water moccasin (D:5)
  2 orc warriors
  A phantom (D:6)
  An ice beast (D:7)
  A sky beast (D:5)
  2 ogres
  The ghost of Chiseanne the Magician, an amateur DsWz (D:4)
  Blork the orc (D:5)
  3 bullfrogs
  A wyvern zombie (D:6)
  2 scorpions (D:6)
  A howler monkey (D:5)
  2 crimson imps
  An orc priest (D:6)
  A hound (D:6)
  Jessica (D:3)
  Ijyb (D:3)
  Terence (D:3)
  3 orc wizards
  4 worker ants
  A killer bee zombie (D:5)
  A worker ant zombie (D:6)
  Robin (D:2)
  2 gnolls (D:7)
  8 adders
  A shadow imp (D:5)
  3 oozes
  3 adder skeletons
  3 worms
  6 dart slugs
  3 leopard geckos
  18 orcs
  A ball python (D:2)
  8 bats
  7 giant cockroaches
  9 hobgoblins
  12 jackals
  5 quokkas
  10 frilled lizards
  18 goblins
  12 kobolds
  A leopard gecko skeleton (D:4)
  A quokka skeleton (D:6)
  7 rats
173 creatures vanquished.

Vanquished Creatures (others)
  A leopard gecko (D:3)
1 creature vanquished.

Grand Total: 174 creatures vanquished

Notes
Turn   | Place    | Note
-------+----------+-------------------------------------------
     0 | D:1      | Chiseanne the Demonspawn Wizard began the quest for the Orb.
     0 | D:1      | Reached XP level 1. HP: 13/13 MP: 4/4
   333 | D:1      | Gained mutation: You are partially covered in large bone plates. (SH +4) [demonic ancestry]
   333 | D:1      | Reached XP level 2. HP: 12/19 MP: 0/6
   524 | D:1      | You fall through a shaft!
  1101 | D:1      | Gained mutation: You are immune to rotting. [demonic ancestry]
  1101 | D:1      | Reached XP level 3. HP: 24/24 MP: 6/8
  1129 | D:1      | Learned a level 2 spell: Blink
  1133 | D:1      | Learned a level 3 spell: Conjure Flame
  1137 | D:1      | Learned a level 3 spell: Mephitic Cloud
  2370 | D:2      | Noticed Robin
  2376 | D:2      | Killed Robin
  2376 | D:2      | Gained mutation: You regenerate a little health from kills. [demonic ancestry]
  2376 | D:2      | Reached XP level 4. HP: 30/30 MP: 1/10
  3535 | D:3      | Found a sparkling altar of Nemelex Xobeh.
  3535 | D:3      | Noticed Sigmund
  3552 | D:3      | Killed Sigmund
  3552 | D:3      | Gained mutation: You are mostly covered in large bone plates. (SH +6) [demonic ancestry]
  3552 | D:3      | Reached XP level 5. HP: 9/35 MP: 4/12
  3875 | D:3      | Reached skill level 5 in Spellcasting
  3875 | D:3      | Reached XP level 6. HP: 22/41 MP: 3/13
  4143 | D:3      | Found a snail-covered altar of Cheibriados.
  4143 | D:3      | Found a glowing golden altar of the Shining One.
  4143 | D:3      | Found a radiant altar of Vehumet.
  4150 | D:3      | Became a worshipper of Vehumet
  4217 | D:3      | Found a bloodstained altar of Trog.
  4227 | D:3      | Found a deep blue altar of Sif Muna.
  4275 | D:3      | Found an ancient bone altar of Kikubaaqudgha.
  4277 | D:3      | Found a stormy altar of Qazlal.
  4309 | D:3      | Noticed Jessica
  4312 | D:3      | Killed Jessica
  4336 | D:3      | Noticed Ijyb
  4377 | D:3      | Killed Ijyb
  4380 | D:3      | Noticed Terence
  4622 | D:3      | Killed Terence
  4625 | D:3      | Reached skill level 5 in Conjurations
  4790 | D:3      | You fall through a shaft!
  4790 | D:4      | Noticed Chiseanne's ghost (amateur DsWz)
  5174 | D:4      | Reached * piety under Vehumet
  5174 | D:4      | Offered knowledge of Flame Tongue by Vehumet.
  5174 | D:4      | Gained mutation: You are completely covered in large bone plates. (SH +8) [demonic ancestry]
  5174 | D:4      | Reached XP level 7. HP: 46/46 MP: 3/15
  5427 | D:3      | Found a blossoming altar of Fedhas.
  5616 | D:3      | Found a shimmering altar of Xom.
  5619 | D:3      | Found an opulent altar of Gozag.
  6034 | D:5      | Entered Level 5 of the Dungeon
  6489 | D:5      | Found a white marble altar of Elyvilon.
  6991 | D:5      | Noticed Blork the orc
  6997 | D:5      | Killed Blork the orc
  7000 | D:5      | Found a deep blue altar of Sif Muna.
  7397 | D:4      | Killed Chiseanne's ghost
  7696 | D:5      | Gained mutation: You have large cloven feet. [demonic ancestry]
  7696 | D:5      | Reached XP level 8. HP: 45/52 MP: 7/16
  7805 | D:6      | Reached skill level 5 in Shields
  8252 | D:6      | Reached ** piety under Vehumet
  8357 | D:6      | Offered knowledge of Throw Flame by Vehumet.
  9695 | D:7      | Gained mutation: You have hoof-like feet. [demonic ancestry]
  9695 | D:7      | Reached XP level 9. HP: 34/57 MP: 3/19
  9831 | D:7      | Offered knowledge of Static Discharge by Vehumet.
  9865 | D:7      | Found a staircase to the Ecumenical Temple.
  9898 | D:7      | Noticed a two-headed ogre
  9935 | Temple   | Entered the Ecumenical Temple
 10095 | D:7      | Slain by a two-headed ogre

Skill      XL: |  1  2  3  4  5  6  7  8 |
---------------+-------------------------+-----
Conjurations   | 2 4 5 6 |  6.7
Spellcasting   | 4 5 6 |  6.9
Shields        | 4 6 |  6.3
Dodging        | |  1.7
Stealth        | |  1.7
Summonings     | |  1.0
Translocations | |  0.8

Action                   |  1- 3 |  4- 6 |  7- 9 || total
-------------------------+-------+-------+-------++-------
Melee: Whip              |     4 |       |       ||     4
       Hand axe          |    20 |    37 |    72 ||   129
 Cast: Magic Dart        |   106 |   149 |   311 ||   566
       Mephitic Cloud    |       |     6 |    10 ||    16
       Blink             |       |     1 |     5 ||     6
Evoke: Wand              |       |     3 |    20 ||    23
  Use: Scroll            |     2 |     5 |     3 ||    10
       Potion            |       |     1 |       ||     1
 Stab: Sleeping          |     1 |       |     3 ||     4
       Confused          |       |     1 |       ||     1
  Eat: Chunk             |     4 |     9 |    15 ||    28
Armor: Robe              |    10 |     4 |       ||    14
       Leather armour    |       |     5 |    46 ||    51
Dodge: Dodged            |    34 |    28 |    57 ||   119
Block: Other             |     9 |     9 |     3 ||    21
       Buckler           |       |       |   111 ||   111
